Red Wings vs Blackhawks (R2)

Created - 19 avril 2015 at 22:31

Goals
1 2 3 T
Red Wings 4 0 0 4
Blackhawks 3 4 1 8
Shots
1 2 3 T
Red Wings 6 1 9 16
Blackhawks 8 11 15 34

1st period

1. Blackhawks , Scott Gomez 1 (Chris Higgins, John Carlson) at 1:29 (PP)
2. Red Wings , Jason Spezza 3 (Rick Nash, Shea Weber) at 7:35 (PP)
3. Red Wings , Sean Bergenheim 3 (Mike Richards) at 8:57
4. Red Wings , Sean Bergenheim 4 (Teemu Selanne, Mike Richards) at 9:43
5. Red Wings , Martin Havlat 2 (Shea Weber, Jason Spezza) at 9:49
6. Blackhawks , Scott Gomez 2 (Henrik Zetterberg) at 12:33
7. Blackhawks , Jamie Langenbrunner 3 (Robert Nilsson, Kris Versteeg) at 12:45

Penalties :
Sean Bergenheim (Det) for Interference (Minor) at 0:13, Sean Bergenheim (Det) for Slashing (Minor) at 1:52, Scott Gomez (Chi) for Hooking (Minor) at 2:46, John Carlson (Chi) for Delaying the game (Minor) at 7:23, Jamie Langenbrunner (Chi) for High sticking (Minor) at 9:52, Shea Weber (Det) for Holding (Minor) at 13:09, Jason Spezza (Det) for Holding (Minor) at 17:28

2nd period

8. Blackhawks , Steve Bernier 1 (Henrik Zetterberg, Scott Gomez) at 0:36
9. Blackhawks , Henrik Zetterberg 4 (Robert Nilsson) at 5:17 (PP)
10. Blackhawks , Robert Nilsson 2 (Henrik Zetterberg) at 6:09 (PP)
11. Blackhawks , Henrik Zetterberg 5 (Robert Nilsson, Steve McCarthy) at 16:38 (PP)

Penalties :
Richard Jackman (Det) for Roughing (Minor) at 5:16, Shea Weber (Det) for Hooking (Minor) at 6:03, Steve McCarthy (Chi) for Hooking (Minor) at 6:23, Paul Martin (Det) for Interference (Minor) at 12:56, Rick Nash (Det) for Hooking (Minor) at 15:43

3rd period

12. Blackhawks , Henrik Zetterberg 6 (Scott Gomez) at 12:50

Penalties :
Jason Spezza (Det) for Tripping (Minor) at 2:09, Steve McCarthy (Chi) for Hooking (Minor) at 5:34, Paul Martin (Det) for Hooking (Minor) at 12:55

Goalie Stats

Jonathan Quick (Det), 6 saves from 12 shots - (0,500), L, 2-2-0, 26:09 minutes
Scott Clemmensen (Det), 20 saves from 22 shots - (0,909), 33:51 minutes
Jocelyn Thibault (Chi), 11 saves from 11 shots - (1,000), W, 1-0-0, 50:11 minutes
Roberto Luongo (Chi), 1 saves from 5 shots - (0,200), 9:49 minutes

Players Stats for Red Wings

Player Name              G  A  P  +/- PIM S  H  SB GA TA FO     MP     PP MP  PK MP  
------------------------------------------------------------------------------------
Brian Sutherby           0  0  0   0  0   0  1  0  0  0  1/1     4:04   0:00   1:19 
Christian Backman        0  0  0   0  0   0  0  0  0  0  0/0     1:39   0:00   0:30 
Christian Laflamme       0  0  0  -1  0   0  1  1  0  0  0/0     8:53   0:00   0:10 
Jason Spezza             1  1  2  -1  4   1  0  0  0  0  19/41  25:08   3:37   5:35 
Lee Stempniak            0  0  0  -1  0   0  1  0  0  0  2/3    14:36   0:00   3:36 
Martin Havlat            1  0  1  -1  0   2  2  1  1  1  0/0    20:05   3:54   3:32 
Maxim Kondratiev         0  0  0   1  0   0  0  0  0  1  0/0    20:41   2:44   4:45 
Mike Richards            0  2  2   1  0   1  2  0  1  0  9/16   20:00   3:19   3:32 
Nate Thompson            0  0  0   0  0   0  0  0  0  0  0/0     0:00   0:00   0:00 
Ossi Vaananen            0  0  0  -1  0   0  0  1  0  0  0/0    12:28   0:00   3:45 
Paul Martin              0  0  0  -1  4   0  1  1  2  0  0/0    26:43   4:19   5:30 
Richard Jackman          0  0  0   1  2   0  1  0  0  1  0/0    20:40   2:44   4:45 
Rick Nash                0  1  1  -1  2   3  2  0  3  0  0/1    26:18   3:37   6:58 
Robert Dome              0  0  0  -1  0   1  1  0  0  0  0/1    12:39   0:00   1:42 
Sean Bergenheim          2  0  2   1  4   6  2  0  0  1  1/1    15:51   3:26   0:00 
Shawn Horcoff            0  0  0  -1  0   1  2  0  1  1  3/7    10:53   0:07   0:00 
Shea Weber               0  2  2  -1  4   1  2  1  1  2  0/0    29:24   4:19   6:49 
Teemu Selanne            0  1  1   1  0   0  1  0  0  0  0/0    15:36   3:09   0:00 

Players Stats for Blackhawks

Player Name              G  A  P  +/- PIM S  H  SB GA TA FO     MP     PP MP  PK MP  
------------------------------------------------------------------------------------
Chris Campoli            0  0  0  -1  0   1  0  0  0  0  0/0    20:39   4:55   2:21 
Chris Higgins            0  1  1   0  0   0  0  0  0  1  0/1    14:02   5:56   1:25 
Daniel Carcillo          0  0  0   0  0   0  0  0  0  0  0/0     8:21   0:06   0:04 
Dominic Moore            0  0  0   0  0   0  1  0  0  0  1/5    11:24   0:06   4:03 
George Parros            0  0  0   0  0   0  2  0  0  0  0/0     6:47   0:06   0:00 
Henrik Zetterberg        3  3  6   3  0   8  2  1  1  0  0/1    18:39   7:05   0:00 
Jamie Langenbrunner      1  0  1  -2  2   3  3  1  0  2  1/1    22:01   5:56   3:03 
Jeff Schultz             0  0  0  -1  0   1  3  2  0  1  0/0    18:57   0:00   4:49 
John Carlson             0  1  1   1  2   0  1  0  0  1  0/0    16:42   8:12   0:00 
Johnny Oduya             0  0  0   1  0   3  0  1  3  1  0/0    28:15   8:12   2:14 
Kris Versteeg            0  1  1  -2  0   1  2  0  0  0  0/0    20:17   7:05   0:02 
Niclas Wallin            0  0  0   1  0   0  1  0  0  0  0/0    11:32   0:00   3:14 
Oleg Kvasha              0  0  0   0  0   1  1  0  1  0  4/6    10:06   0:00   1:44 
Robert Nilsson           1  3  4  -2  0   6  0  0  2  1  21/40  20:38   7:05   0:00 
Scott Gomez              2  2  4   3  2   4  3  0  0  1  9/17   18:29   5:55   1:43 
Sheldon Keefe            0  0  0   0  0   2  2  0  0  0  0/0    10:13   0:00   2:02 
Steve Bernier            1  0  1   3  0   2  1  1  0  0  0/0    10:37   0:00   0:00 
Steve McCarthy           0  1  1   1  4   2  1  0  0  1  0/0    24:08   4:55   1:28 

3 Stars

1 - Henrik Zetterberg (Chi)
2 - Scott Gomez (Chi)
3 - Robert Nilsson (Chi)

Power Play

Red Wings - 1 on 5 Attempt(s) - 20,00%
Blackhawks - 4 on 10 Attempt(s) - 40,00%

Penalty Kill

Red Wings - 6 on 10 Attempt(s) - 60,00% - Score 0 goal in Penalty Kill
Blackhawks - 4 on 5 Attempt(s) - 80,00% - Score 0 goal in Penalty Kill

Team Stat

Red Wings - Hits : 19 - Faceoff Wins : 35 - Blocked Shots : 5 - Penalty Minutes : 20
Blackhawks - Hits : 23 - Faceoff Wins : 36 - Blocked Shots : 6 - Penalty Minutes : 10

Official

Referees : Rooney Chris and Dwyer Gord
Linesman : Vaughan Rody and Andy McElman

Game Notes

Jocelyn Thibault enters game at 9:49 of 1st period
Scott Clemmensen enters game at 6:09 of 2nd period
Henrik Zetterberg has scored a Hat Trick!
18:05 of 3rd period - Red Wings goal is going for a video replay. After video review, No Goal. The goalkeeper has been pushed into the net together with the puck after making a save.

Finance

Level 1 -- Attendance: 6000 (100,00%) -- Ticket Income 528 000 $
Level 2 -- Attendance: 5000 (100,00%) -- Ticket Income 265 000 $
Level 3 -- Attendance: 1690 (84,50%) -- Ticket Income 57 460 $
Level 4 -- Attendance: 3796 (94,90%) -- Ticket Income 83 512 $
Luxury Box -- Attendance: 1000 (100,00%) -- Ticket Income 165 000 $
Game was played at the Chicago Stadium'
Total Attendance: 17486 (97,14%)
Total Ticket Income: 1 098 972 $
Other Income: 164 846 $
Total Income: 1 263 818 $

Red Wings

5 vs 5 Forward 
   Center                   Left Wing                Right Wing               Time % Phy DF OF 
 1 Jason Spezza             Rick Nash                Martin Havlat            40     1   2  2  
 2 Mike Richards            Sean Bergenheim          Teemu Selanne            30     1   2  2  
 3 Shawn Horcoff            Robert Dome              Lee Stempniak            20     1   2  2  
 4 Brian Sutherby           Jason Spezza             Rick Nash                10     1   2  2  

5 vs 5 Defense 
   Defense                  Defense                                           Time % Phy DF OF 
 1 Shea Weber               Paul Martin                                       40     1   2  2  
 2 Richard Jackman          Maxim Kondratiev                                  30     1   2  2  
 3 Christian Laflamme       Ossi Vaananen                                     20     1   2  2  
 4 Christian Backman        Shea Weber                                        10     1   2  2  

PowerPlay Forward 
   Center                   Left Wing                Right Wing               Time % Phy DF OF 
 1 Jason Spezza             Rick Nash                Martin Havlat            60     1   2  2  
 2 Mike Richards            Sean Bergenheim          Teemu Selanne            40     1   2  2  

PowerPlay Defense
   Defense                  Defense                                           Time % Phy DF OF 
 1 Shea Weber               Paul Martin                                       60     1   2  2  
 2 Richard Jackman          Maxim Kondratiev                                  40     1   2  2  

Penalty Kill 4 Players Forward 
   Center                   Wing                     Time % Phy DF OF 
 1 Jason Spezza             Rick Nash                60     1   2  2  
 2 Mike Richards            Martin Havlat            40     1   2  2  

Penalty Kill 4 Players Defense
   Defense                  Defense                  Time % Phy DF OF 
 1 Shea Weber               Paul Martin              60     1   2  2  
 2 Richard Jackman          Maxim Kondratiev         40     1   2  2  

Penalty Kill - 3 Players Forward 
   Forward                                           Time % Phy DF OF 
 1 Jason Spezza                                      60     1   2  2  
 2 Rick Nash                                         40     1   2  2  

Penalty Kill - 3 Players Defense
   Defense                  Defense                  Time % Phy DF OF 
 1 Shea Weber               Paul Martin              60     1   2  2  
 2 Richard Jackman          Maxim Kondratiev         40     1   2  2  

4 vs 4 Forward 
   Center                   Wing                     Time % Phy DF OF 
 1 Jason Spezza             Rick Nash                60     1   2  2  
 2 Mike Richards            Martin Havlat            40     1   2  2  

4 vs 4 Defense
   Defense                  Defense                  Time % Phy DF OF 
 1 Shea Weber               Paul Martin              60     1   2  2  
 2 Richard Jackman          Maxim Kondratiev         40     1   2  2  

Last Minutes Offensive
   Center                   Left Wing                Right Wing               Defense                  Defense                  
   Jason Spezza             Rick Nash                Martin Havlat            Shea Weber               Paul Martin              

Last Minutes Defensive
   Center                   Left Wing                Right Wing               Defense                  Defense                  
   Jason Spezza             Rick Nash                Martin Havlat            Shea Weber               Paul Martin              

Goaltenders
Starting : Jonathan Quick           
Backup : Scott Clemmensen         

Extra Forwards
Normal : Shawn Horcoff, Brian Sutherby, Lee Stempniak - PP : Shawn Horcoff, Brian Sutherby - PK : Lee Stempniak
Extra Defensemen
Normal : Christian Laflamme, Ossi Vaananen, Christian Backman - PP : Christian Laflamme - PK : Ossi Vaananen, Christian Backman
Penalty Shots
Jason Spezza, Rick Nash, Mike Richards, Martin Havlat, Sean Bergenheim

Blackhawks

5 vs 5 Forward 
   Center                   Left Wing                Right Wing               Time % Phy DF OF 
 1 Robert Nilsson           Kris Versteeg            Jamie Langenbrunner      40     1   2  2  
 2 Scott Gomez              Henrik Zetterberg        Steve Bernier            30     1   2  2  
 3 Dominic Moore            Chris Higgins            George Parros            20     1   2  2  
 4 Oleg Kvasha              Daniel Carcillo          Sheldon Keefe            10     1   2  2  

5 vs 5 Defense 
   Defense                  Defense                                           Time % Phy DF OF 
 1 Johnny Oduya             Steve McCarthy                                    40     1   2  2  
 2 Jeff Schultz             Chris Campoli                                     30     1   2  2  
 3 John Carlson             Niclas Wallin                                     20     1   2  2  
 4 Johnny Oduya             Steve McCarthy                                    10     1   2  2  

PowerPlay Forward 
   Center                   Left Wing                Right Wing               Time % Phy DF OF 
 1 Robert Nilsson           Henrik Zetterberg        Kris Versteeg            60     1   2  2  
 2 Scott Gomez              Chris Higgins            Jamie Langenbrunner      40     1   2  2  

PowerPlay Defense
   Defense                  Defense                                           Time % Phy DF OF 
 1 Johnny Oduya             John Carlson                                      60     1   2  2  
 2 Steve McCarthy           Chris Campoli                                     40     1   2  2  

Penalty Kill 4 Players Forward 
   Center                   Wing                     Time % Phy DF OF 
 1 Dominic Moore            Jamie Langenbrunner      60     1   2  2  
 2 Scott Gomez              Sheldon Keefe            40     1   2  2  

Penalty Kill 4 Players Defense
   Defense                  Defense                  Time % Phy DF OF 
 1 Jeff Schultz             Steve McCarthy           60     1   2  2  
 2 Johnny Oduya             Chris Campoli            40     1   2  2  

Penalty Kill - 3 Players Forward 
   Forward                                           Time % Phy DF OF 
 1 Henrik Zetterberg                                 60     1   2  2  
 2 Robert Nilsson                                    40     1   2  2  

Penalty Kill - 3 Players Defense
   Defense                  Defense                  Time % Phy DF OF 
 1 Johnny Oduya             Steve McCarthy           60     1   2  2  
 2 Jeff Schultz             Chris Campoli            40     1   2  2  

4 vs 4 Forward 
   Center                   Wing                     Time % Phy DF OF 
 1 Robert Nilsson           Henrik Zetterberg        60     1   2  2  
 2 Scott Gomez              Kris Versteeg            40     1   2  2  

4 vs 4 Defense
   Defense                  Defense                  Time % Phy DF OF 
 1 Johnny Oduya             Steve McCarthy           60     1   2  2  
 2 Jeff Schultz             Chris Campoli            40     1   2  2  

Last Minutes Offensive
   Center                   Left Wing                Right Wing               Defense                  Defense                  
   Robert Nilsson           Henrik Zetterberg        Kris Versteeg            Johnny Oduya             Steve McCarthy           

Last Minutes Defensive
   Center                   Left Wing                Right Wing               Defense                  Defense                  
   Robert Nilsson           Kris Versteeg            Jamie Langenbrunner      Jeff Schultz             Steve McCarthy           

Goaltenders
Starting : Roberto Luongo           
Backup : Jocelyn Thibault         

Extra Forwards
Normal : Dominic Moore, Chris Higgins, Oleg Kvasha - PP : Dominic Moore, Chris Higgins - PK : Oleg Kvasha
Extra Defensemen
Normal : John Carlson, Niclas Wallin, Jeff Schultz - PP : John Carlson - PK : Niclas Wallin, Jeff Schultz
Penalty Shots
Henrik Zetterberg, Robert Nilsson, Kris Versteeg, George Parros, Scott Gomez

% Time on Ice - Red Wings

Lines # - Real PCT - Wanted PCT - Time Play
Normal Forward
1 - 34% - 40% - 13:09
2 - 33% - 30% - 12:47
3 - 28% - 20% - 10:46
4 - 5% - 10% - 2:03
Normal Defense
1 - 42% - 40% - 16:27
2 - 33% - 30% - 12:36
3 - 22% - 20% - 8:43
4 - 3% - 10% - 0:59
PP Forward
1 - 51% - 60% - 3:37
2 - 49% - 40% - 3:26
PP Defense
1 - 61% - 60% - 4:19
2 - 39% - 40% - 2:44
PK Forward
1 - 73% - 60% - 9:35
2 - 27% - 40% - 3:32
PK Defense
1 - 64% - 60% - 8:22
2 - 36% - 40% - 4:45
PK3 Forward
1 - 0% - 60%
2 - 0% - 40%
PK3 Defense
1 - 0% - 60%
2 - 0% - 40%
44 Forward
1 - 66% - 60% - 0:43
2 - 34% - 40% - 0:22
44 Defense
1 - 45% - 60% - 0:29
2 - 55% - 40% - 0:36
Last Minute Offensive  - 0:00
Last Minute Defensive  - 0:00
Total
Forward - 60:00
Defense - 60:00

% Time on Ice - Blackhawks

Lines # - Real PCT - Wanted PCT - Time Play
Normal Forward
1 - 34% - 40% - 13:16
2 - 28% - 30% - 10:40
3 - 17% - 20% - 6:41
4 - 21% - 10% - 8:08
Normal Defense
1 - 46% - 40% - 17:38
2 - 35% - 30% - 13:23
3 - 20% - 20% - 7:39
4 - 0% - 10% - 0:05
PP Forward
1 - 55% - 60% - 7:11
2 - 45% - 40% - 5:56
PP Defense
1 - 63% - 60% - 8:12
2 - 37% - 40% - 4:55
PK Forward
1 - 71% - 60% - 4:59
2 - 29% - 40% - 2:04
PK Defense
1 - 67% - 60% - 4:42
2 - 33% - 40% - 2:21
PK3 Forward
1 - 0% - 60%
2 - 0% - 40%
PK3 Defense
1 - 0% - 60%
2 - 0% - 40%
44 Forward
1 - 68% - 60% - 0:44
2 - 32% - 40% - 0:21
44 Defense
1 - 100% - 60% - 1:05
2 - 0% - 40% - 0:00
Last Minute Offensive  - 0:00
Last Minute Defensive  - 0:00
Total
Forward - 60:00
Defense - 60:00

Play by Play

1st period


0:01 of 1st period - Jason Spezza wins face-off versus Robert Nilsson in neutral zone.
0:08 of 1st period - Snap shot by Robert Nilsson.
0:08 of 1st period - Stopped by Jonathan Quick with a rebound.
0:10 of 1st period - Slapshot by Jamie Langenbrunner.
0:10 of 1st period - Stopped by Jonathan Quick without a rebound.
0:11 of 1st period - Mike Richards wins face-off versus Scott Gomez in Red Wings zone.
0:13 of 1st period - Minor Penalty to Sean Bergenheim for Interference.
0:14 of 1st period - Jason Spezza wins face-off versus Robert Nilsson in Red Wings zone.
0:14 of 1st period - Jason Spezza is hit by John Carlson.
1:29 of 1st period - Snap shot by Scott Gomez.
1:29 of 1st period - Goal by Scott Gomez - Red Wings : 0 - Blackhawks : 1.
1:30 of 1st period - Mike Richards wins face-off versus Oleg Kvasha in neutral zone.
1:33 of 1st period - Jeff Schultz is hit by Richard Jackman and loses puck.
1:44 of 1st period - Snap shot by Sheldon Keefe.
1:44 of 1st period - Stopped by Jonathan Quick with a rebound.
1:52 of 1st period - Minor Penalty to Sean Bergenheim for Slashing.
1:53 of 1st period - Robert Nilsson wins face-off versus Mike Richards in Red Wings zone.
1:56 of 1st period - Snap shot by Robert Nilsson.
1:56 of 1st period - Shot Blocked by Martin Havlat.
2:46 of 1st period - Minor Penalty to Scott Gomez for Hooking.
2:47 of 1st period - Robert Nilsson wins face-off versus Jason Spezza in Blackhawks zone.
3:52 of 1st period - Penalty to Sean Bergenheim is over, Sean Bergenheim is back on ice.
4:26 of 1st period - Sheldon Keefe is hit by Shea Weber and loses puck.
4:46 of 1st period - Penalty to Scott Gomez is over, Scott Gomez is back on ice.
5:00 of 1st period - Christian Laflamme is hit by Scott Gomez and loses puck.
5:54 of 1st period - Sean Bergenheim is hit by Dominic Moore and loses puck.
7:02 of 1st period - Christian Laflamme is hit by Sheldon Keefe and loses puck.
7:23 of 1st period - Minor Penalty to John Carlson for Delaying the game.
7:24 of 1st period - Jamie Langenbrunner wins face-off versus Jason Spezza in Blackhawks zone.
7:35 of 1st period - Wrist shot by Jason Spezza.
7:35 of 1st period - Goal by Jason Spezza - Red Wings : 1 - Blackhawks : 1.
7:36 of 1st period - Jason Spezza wins face-off versus Robert Nilsson in neutral zone.
8:05 of 1st period - Scott Gomez is hit by Sean Bergenheim and loses puck.
8:46 of 1st period - Oleg Kvasha is hit by Rick Nash and loses puck.
8:57 of 1st period - Wrist shot by Sean Bergenheim.
8:57 of 1st period - Goal by Sean Bergenheim - Red Wings : 2 - Blackhawks : 1.
8:58 of 1st period - Jason Spezza wins face-off versus Robert Nilsson in neutral zone.
9:31 of 1st period - Icing by Johnny Oduya.
9:32 of 1st period - Mike Richards wins face-off versus Scott Gomez in Blackhawks zone.
9:35 of 1st period - Snap shot by Sean Bergenheim.
9:35 of 1st period - Stopped by Roberto Luongo without a rebound.
9:36 of 1st period - Mike Richards wins face-off versus Robert Nilsson in Blackhawks zone.
9:41 of 1st period - Snap shot by Teemu Selanne.
9:41 of 1st period - Shot Misses the Net.
9:43 of 1st period - Snap shot by Sean Bergenheim.
9:43 of 1st period - Goal by Sean Bergenheim - Red Wings : 3 - Blackhawks : 1.
9:44 of 1st period - Jason Spezza wins face-off versus Robert Nilsson in neutral zone.
9:49 of 1st period - Slapshot by Martin Havlat.
9:49 of 1st period - Goal by Martin Havlat - Red Wings : 4 - Blackhawks : 1.
9:49 of 1st period - Jocelyn Thibault enters game.
9:50 of 1st period - Robert Nilsson wins face-off versus Jason Spezza in neutral zone.
9:52 of 1st period - Minor Penalty to Jamie Langenbrunner for High sticking.
9:53 of 1st period - Dominic Moore wins face-off versus Jason Spezza in Blackhawks zone.
9:53 of 1st period - Dominic Moore is hit by Rick Nash.
11:31 of 1st period - Shea Weber is hit by Sheldon Keefe and loses puck.
11:52 of 1st period - Penalty to Jamie Langenbrunner is over, Jamie Langenbrunner is back on ice.
12:04 of 1st period - Lee Stempniak is hit by Jeff Schultz and loses puck.
12:23 of 1st period - Snap shot by Henrik Zetterberg.
12:23 of 1st period - Stopped by Jonathan Quick without a rebound.
12:24 of 1st period - Scott Gomez wins face-off versus Shawn Horcoff in Red Wings zone.
12:33 of 1st period - Wrist shot by Scott Gomez.
12:33 of 1st period - Goal by Scott Gomez - Red Wings : 4 - Blackhawks : 2.
12:34 of 1st period - Robert Nilsson wins face-off versus Jason Spezza in neutral zone.
12:45 of 1st period - Snap shot by Robert Nilsson.
12:45 of 1st period - Deflect By Jamie Langenbrunner.
12:45 of 1st period - Goal by Jamie Langenbrunner - Red Wings : 4 - Blackhawks : 3.
12:46 of 1st period - Robert Nilsson wins face-off versus Jason Spezza in neutral zone.
13:09 of 1st period - Minor Penalty to Shea Weber for Holding.
13:10 of 1st period - Robert Nilsson wins face-off versus Jason Spezza in Red Wings zone.
13:13 of 1st period - Snap shot by Robert Nilsson.
13:13 of 1st period - Stopped by Jonathan Quick without a rebound.
13:14 of 1st period - Jason Spezza wins face-off versus Robert Nilsson in Red Wings zone.
14:42 of 1st period - Ossi Vaananen is hit by Henrik Zetterberg and loses puck.
15:09 of 1st period - Penalty to Shea Weber is over, Shea Weber is back on ice.
15:28 of 1st period - Jeff Schultz is hit by Shea Weber and loses puck.
15:35 of 1st period - Richard Jackman is hit by Oleg Kvasha and loses puck.
15:46 of 1st period - Snap shot by Sean Bergenheim.
15:46 of 1st period - Stopped by Jocelyn Thibault with a rebound.
15:57 of 1st period - Icing by Teemu Selanne.
15:58 of 1st period - Shawn Horcoff wins face-off versus Scott Gomez in Red Wings zone.
16:22 of 1st period - Off-side.
16:23 of 1st period - Oleg Kvasha wins face-off versus Mike Richards in neutral zone.
16:28 of 1st period - Mike Richards is hit by Steve McCarthy and loses puck.
16:39 of 1st period - Snap shot by Mike Richards.
16:39 of 1st period - Shot Misses the Net.
17:28 of 1st period - Minor Penalty to Jason Spezza for Holding.
17:29 of 1st period - Lee Stempniak wins face-off versus Robert Nilsson in Red Wings zone.
17:29 of 1st period - Lee Stempniak is hit by Kris Versteeg.
19:28 of 1st period - Penalty to Jason Spezza is over, Jason Spezza is back on ice.
19:53 of 1st period - Christian Laflamme is hit by Jeff Schultz.
Goals for this period are 4 for Red Wings vs 3 for Blackhawks.
Shots for this period are 6 for Red Wings vs 8 for Blackhawks.

2nd period


0:01 of 2nd period - Jason Spezza wins face-off versus Robert Nilsson in neutral zone.
0:32 of 2nd period - Slapshot by Henrik Zetterberg.
0:32 of 2nd period - Shot Blocked by Paul Martin.
0:34 of 2nd period - Snap shot by Henrik Zetterberg.
0:34 of 2nd period - Shot Misses the Net.
0:36 of 2nd period - Wrist shot by Steve Bernier.
0:36 of 2nd period - Goal by Steve Bernier - Red Wings : 4 - Blackhawks : 4.
0:37 of 2nd period - Jason Spezza wins face-off versus Robert Nilsson in neutral zone.
1:01 of 2nd period - Icing by Rick Nash.
1:02 of 2nd period - Mike Richards wins face-off versus Scott Gomez in Red Wings zone.
1:02 of 2nd period - Mike Richards is hit by Jeff Schultz.
1:30 of 2nd period - Kris Versteeg is hit by Martin Havlat and loses puck.
2:52 of 2nd period - Johnny Oduya is hit by Christian Laflamme and loses puck.
2:59 of 2nd period - Wrist shot by Kris Versteeg.
2:59 of 2nd period - Shot Misses the Net.
3:01 of 2nd period - Snap shot by John Carlson.
3:01 of 2nd period - Shot Misses the Net.
3:28 of 2nd period - Wrist shot by Rick Nash.
3:28 of 2nd period - Shot Misses the Net.
4:36 of 2nd period - Snap shot by Robert Nilsson.
4:36 of 2nd period - Stopped by Jonathan Quick without a rebound.
4:37 of 2nd period - Mike Richards wins face-off versus Scott Gomez in Red Wings zone.
4:37 of 2nd period - Mike Richards is hit by Niclas Wallin.
5:16 of 2nd period - Minor Penalty to Richard Jackman for Roughing.
5:17 of 2nd period - Robert Nilsson wins face-off versus Jason Spezza in Red Wings zone.
5:17 of 2nd period - Snap shot by Henrik Zetterberg.
5:17 of 2nd period - Goal by Henrik Zetterberg - Red Wings : 4 - Blackhawks : 5.
5:18 of 2nd period - Jason Spezza wins face-off versus Robert Nilsson in neutral zone.
5:21 of 2nd period - Wrist shot by Rick Nash.
5:21 of 2nd period - Shot Misses the Net.
5:35 of 2nd period - Slapshot by Kris Versteeg.
5:35 of 2nd period - Shot Blocked by Shea Weber.
6:03 of 2nd period - Minor Penalty to Shea Weber for Hooking.
6:04 of 2nd period - Robert Nilsson wins face-off versus Jason Spezza in Red Wings zone.
6:09 of 2nd period - Snap shot by Robert Nilsson.
6:09 of 2nd period - Goal by Robert Nilsson - Red Wings : 4 - Blackhawks : 6.
6:09 of 2nd period - Scott Clemmensen enters game.
6:10 of 2nd period - Jason Spezza wins face-off versus Robert Nilsson in neutral zone.
6:21 of 2nd period - Wrist shot by Rick Nash.
6:21 of 2nd period - Shot Misses the Net.
6:23 of 2nd period - Minor Penalty to Steve McCarthy for Hooking.
6:24 of 2nd period - Jason Spezza wins face-off versus Dominic Moore in Blackhawks zone.
6:37 of 2nd period - Snap shot by Jason Spezza.
6:37 of 2nd period - Shot Blocked by Jeff Schultz.
7:20 of 2nd period - Dominic Moore is hit by Sean Bergenheim and loses puck.
7:30 of 2nd period - Off-side.
7:31 of 2nd period - Oleg Kvasha wins face-off versus Jason Spezza in neutral zone.
7:35 of 2nd period - Off-side.
7:36 of 2nd period - Oleg Kvasha wins face-off versus Jason Spezza in neutral zone.
8:23 of 2nd period - Penalty to Steve McCarthy is over, Steve McCarthy is back on ice.
8:25 of 2nd period - Snap shot by Scott Gomez.
8:25 of 2nd period - Stopped by Scott Clemmensen without a rebound.
8:26 of 2nd period - Shawn Horcoff wins face-off versus Scott Gomez in Red Wings zone.
8:45 of 2nd period - Johnny Oduya is hit by Paul Martin and loses puck.
9:21 of 2nd period - Snap shot by George Parros.
9:21 of 2nd period - Shot Misses the Net.
9:43 of 2nd period - Snap shot by Oleg Kvasha.
9:43 of 2nd period - Stopped by Scott Clemmensen with a rebound.
10:28 of 2nd period - Jeff Schultz is hit by Robert Dome and loses puck.
11:19 of 2nd period - Jason Spezza is hit by Kris Versteeg and loses puck.
11:48 of 2nd period - Wrist shot by Sheldon Keefe.
11:48 of 2nd period - Stopped by Scott Clemmensen with a rebound.
12:33 of 2nd period - Icing by Mike Richards.
12:34 of 2nd period - Mike Richards wins face-off versus Robert Nilsson in Red Wings zone.
12:41 of 2nd period - Shea Weber is hit by Jamie Langenbrunner and loses puck.
12:48 of 2nd period - Snap shot by Sean Bergenheim.
12:48 of 2nd period - Stopped by Jocelyn Thibault with a rebound.
12:56 of 2nd period - Minor Penalty to Paul Martin for Interference.
12:57 of 2nd period - Robert Nilsson wins face-off versus Jason Spezza in Red Wings zone.
13:24 of 2nd period - Chris Higgins is hit by Martin Havlat and loses puck.
13:37 of 2nd period - Slapshot by Shea Weber.
13:37 of 2nd period - Shot Blocked by Johnny Oduya.
14:05 of 2nd period - Slapshot by Johnny Oduya.
14:05 of 2nd period - Stopped by Scott Clemmensen without a rebound.
14:06 of 2nd period - Jason Spezza wins face-off versus Chris Higgins in Red Wings zone.
14:21 of 2nd period - Snap shot by Chris Higgins.
14:21 of 2nd period - Shot Misses the Net.
14:56 of 2nd period - Penalty to Paul Martin is over, Paul Martin is back on ice.
15:01 of 2nd period - Wrist shot by Lee Stempniak.
15:01 of 2nd period - Shot Misses the Net.
15:43 of 2nd period - Minor Penalty to Rick Nash for Hooking.
15:44 of 2nd period - Robert Nilsson wins face-off versus Jason Spezza in Red Wings zone.
15:52 of 2nd period - Slapshot by Henrik Zetterberg.
15:52 of 2nd period - Stopped by Scott Clemmensen without a rebound.
15:53 of 2nd period - Jason Spezza wins face-off versus Henrik Zetterberg in Red Wings zone.
16:27 of 2nd period - Jason Spezza is hit by Henrik Zetterberg and loses puck.
16:36 of 2nd period - Slapshot by Henrik Zetterberg.
16:36 of 2nd period - Shot Misses the Net.
16:38 of 2nd period - Snap shot by Henrik Zetterberg.
16:38 of 2nd period - Goal by Henrik Zetterberg - Red Wings : 4 - Blackhawks : 7.
16:39 of 2nd period - Mike Richards wins face-off versus Dominic Moore in neutral zone.
17:08 of 2nd period - Off-side.
17:09 of 2nd period - Scott Gomez wins face-off versus Shawn Horcoff in neutral zone.
17:32 of 2nd period - Snap shot by Maxim Kondratiev.
17:32 of 2nd period - Shot Blocked by Jeff Schultz.
17:34 of 2nd period - Slapshot by Maxim Kondratiev.
17:34 of 2nd period - Deflect By Shawn Horcoff.
17:34 of 2nd period - Shot Misses the Net.
17:34 of 2nd period - Puck is out of play.
17:35 of 2nd period - Robert Nilsson wins face-off versus Jason Spezza in Blackhawks zone.
17:46 of 2nd period - Wrist shot by Kris Versteeg.
17:46 of 2nd period - Stopped by Scott Clemmensen without a rebound.
17:47 of 2nd period - Jason Spezza wins face-off versus Robert Nilsson in Red Wings zone.
18:20 of 2nd period - Slapshot by Teemu Selanne.
18:20 of 2nd period - Shot Blocked by Henrik Zetterberg.
18:22 of 2nd period - Wrist shot by Teemu Selanne.
18:22 of 2nd period - Shot Misses the Net.
18:38 of 2nd period - Snap shot by Dominic Moore.
18:38 of 2nd period - Shot Misses the Net.
18:54 of 2nd period - Wrist shot by Oleg Kvasha.
18:54 of 2nd period - Shot Misses the Net.
19:18 of 2nd period - Snap shot by Oleg Kvasha.
19:18 of 2nd period - Shot Misses the Net.
Goals for this period are 0 for Red Wings vs 4 for Blackhawks.
Shots for this period are 1 for Red Wings vs 11 for Blackhawks.

3rd period


0:01 of 3rd period - Robert Nilsson wins face-off versus Rick Nash in neutral zone.
0:10 of 3rd period - Wrist shot by Jamie Langenbrunner.
0:10 of 3rd period - Stopped by Scott Clemmensen with a rebound.
0:12 of 3rd period - Wrist shot by Johnny Oduya.
0:12 of 3rd period - Stopped by Scott Clemmensen without a rebound.
0:13 of 3rd period - Robert Nilsson wins face-off versus Jason Spezza in Red Wings zone.
1:08 of 3rd period - Snap shot by Shawn Horcoff.
1:08 of 3rd period - Shot Misses the Net.
1:20 of 3rd period - Snap shot by Daniel Carcillo.
1:20 of 3rd period - Shot Misses the Net.
1:22 of 3rd period - Slapshot by Johnny Oduya.
1:22 of 3rd period - Stopped by Scott Clemmensen with a rebound.
1:24 of 3rd period - Snap shot by Steve McCarthy.
1:24 of 3rd period - Stopped by Scott Clemmensen without a rebound.
1:25 of 3rd period - Robert Nilsson wins face-off versus Mike Richards in Red Wings zone.
1:40 of 3rd period - Snap shot by Robert Nilsson.
1:40 of 3rd period - Stopped by Scott Clemmensen with a rebound.
1:56 of 3rd period - Wrist shot by Henrik Zetterberg.
1:56 of 3rd period - Shot Misses the Net.
1:58 of 3rd period - Snap shot by Steve Bernier.
1:58 of 3rd period - Shot Misses the Net.
2:00 of 3rd period - Slapshot by Chris Campoli.
2:00 of 3rd period - Stopped by Scott Clemmensen without a rebound.
2:01 of 3rd period - Robert Nilsson wins face-off versus Jason Spezza in Red Wings zone.
2:09 of 3rd period - Minor Penalty to Jason Spezza for Tripping.
2:10 of 3rd period - Robert Nilsson wins face-off versus Lee Stempniak in Red Wings zone.
2:39 of 3rd period - Off-side.
2:40 of 3rd period - Brian Sutherby wins face-off versus Scott Gomez in neutral zone.
3:17 of 3rd period - Snap shot by Scott Gomez.
3:17 of 3rd period - Stopped by Scott Clemmensen without a rebound.
3:18 of 3rd period - Mike Richards wins face-off versus Robert Nilsson in Red Wings zone.
3:49 of 3rd period - Johnny Oduya is hit by Brian Sutherby and loses puck.
4:00 of 3rd period - Wrist shot by Robert Dome.
4:00 of 3rd period - Stopped by Jocelyn Thibault without a rebound.
4:01 of 3rd period - Lee Stempniak wins face-off versus Robert Nilsson in Blackhawks zone.
4:02 of 3rd period - Wrist shot by Rick Nash.
4:02 of 3rd period - Stopped by Jocelyn Thibault with a rebound.
4:09 of 3rd period - Penalty to Jason Spezza is over, Jason Spezza is back on ice.
4:53 of 3rd period - Robert Nilsson is hit by Teemu Selanne and loses puck.
5:12 of 3rd period - Slapshot by Shawn Horcoff.
5:12 of 3rd period - Stopped by Jocelyn Thibault without a rebound.
5:13 of 3rd period - Scott Gomez wins face-off versus Robert Dome in Blackhawks zone.
5:34 of 3rd period - Minor Penalty to Steve McCarthy for Hooking.
5:35 of 3rd period - Jason Spezza wins face-off versus Dominic Moore in Blackhawks zone.
5:45 of 3rd period - Off-side.
5:46 of 3rd period - Jason Spezza wins face-off versus Dominic Moore in neutral zone.
6:10 of 3rd period - Paul Martin is hit by Jamie Langenbrunner and loses puck.
6:54 of 3rd period - Icing by Jason Spezza.
6:55 of 3rd period - Oleg Kvasha wins face-off versus Jason Spezza in Red Wings zone.
7:03 of 3rd period - Off-side.
7:04 of 3rd period - Scott Gomez wins face-off versus Mike Richards in neutral zone.
7:06 of 3rd period - Off-side.
7:07 of 3rd period - Scott Gomez wins face-off versus Mike Richards in neutral zone.
7:14 of 3rd period - Slapshot by Scott Gomez.
7:14 of 3rd period - Shot Misses the Net.
7:34 of 3rd period - Penalty to Steve McCarthy is over, Steve McCarthy is back on ice.
8:30 of 3rd period - Snap shot by Dominic Moore.
8:30 of 3rd period - Shot Misses the Net.
9:04 of 3rd period - Wrist shot by Sean Bergenheim.
9:04 of 3rd period - Shot Misses the Net.
9:06 of 3rd period - Snap shot by Sean Bergenheim.
9:06 of 3rd period - Shot Misses the Net.
9:08 of 3rd period - Slapshot by Teemu Selanne.
9:08 of 3rd period - Shot Misses the Net.
9:10 of 3rd period - Snap shot by Ossi Vaananen.
9:10 of 3rd period - Shot Misses the Net.
9:22 of 3rd period - Jason Spezza is hit by George Parros and loses puck.
10:05 of 3rd period - Slapshot by Sheldon Keefe.
10:05 of 3rd period - Shot Misses the Net.
10:31 of 3rd period - Rick Nash is hit by Steve Bernier and loses puck.
11:02 of 3rd period - Wrist shot by Dominic Moore.
11:02 of 3rd period - Shot Blocked by Christian Laflamme.
11:04 of 3rd period - Slapshot by Steve McCarthy.
11:04 of 3rd period - Shot Blocked by Ossi Vaananen.
11:06 of 3rd period - Slapshot by Steve McCarthy.
11:06 of 3rd period - Stopped by Scott Clemmensen without a rebound.
11:07 of 3rd period - Scott Gomez wins face-off versus Shawn Horcoff in Red Wings zone.
11:16 of 3rd period - Snap shot by Henrik Zetterberg.
11:16 of 3rd period - Shot Misses the Net.
11:24 of 3rd period - Robert Dome is hit by Scott Gomez and loses puck.
11:45 of 3rd period - Slapshot by Robert Nilsson.
11:45 of 3rd period - Stopped by Scott Clemmensen with a rebound.
12:06 of 3rd period - Rick Nash is hit by George Parros and loses puck.
12:23 of 3rd period - Snap shot by Rick Nash.
12:23 of 3rd period - Stopped by Jocelyn Thibault without a rebound.
12:24 of 3rd period - Robert Nilsson wins face-off versus Shawn Horcoff in Blackhawks zone.
12:24 of 3rd period - Robert Nilsson is hit by Shawn Horcoff.
12:27 of 3rd period - Kris Versteeg is hit by Shawn Horcoff and loses puck.
12:38 of 3rd period - Wrist shot by Kris Versteeg.
12:38 of 3rd period - Shot Misses the Net.
12:40 of 3rd period - Slapshot by Jeff Schultz.
12:40 of 3rd period - Stopped by Scott Clemmensen without a rebound.
12:41 of 3rd period - Scott Gomez wins face-off versus Jason Spezza in Red Wings zone.
12:50 of 3rd period - Snap shot by Henrik Zetterberg.
12:50 of 3rd period - Goal by Henrik Zetterberg - Red Wings : 4 - Blackhawks : 8.
12:51 of 3rd period - Robert Nilsson wins face-off versus Jason Spezza in neutral zone.
12:55 of 3rd period - Minor Penalty to Paul Martin for Hooking.
12:56 of 3rd period - Robert Nilsson wins face-off versus Jason Spezza in Red Wings zone.
12:58 of 3rd period - Wrist shot by Henrik Zetterberg.
12:58 of 3rd period - Stopped by Scott Clemmensen with a rebound.
13:00 of 3rd period - Snap shot by Henrik Zetterberg.
13:00 of 3rd period - Stopped by Scott Clemmensen without a rebound.
13:01 of 3rd period - Jason Spezza wins face-off versus Robert Nilsson in Red Wings zone.
13:04 of 3rd period - Wrist shot by Kris Versteeg.
13:04 of 3rd period - Shot Misses the Net.
14:55 of 3rd period - Penalty to Paul Martin is over, Paul Martin is back on ice.
16:07 of 3rd period - Icing by Jeff Schultz.
16:08 of 3rd period - Shawn Horcoff wins face-off versus Oleg Kvasha in Blackhawks zone.
16:17 of 3rd period - Slapshot by Teemu Selanne.
16:17 of 3rd period - Shot Misses the Net.
16:40 of 3rd period - Christian Laflamme is hit by Jamie Langenbrunner and loses puck.
16:48 of 3rd period - Icing by Ossi Vaananen.
16:49 of 3rd period - Jason Spezza wins face-off versus Scott Gomez in Red Wings zone.
17:02 of 3rd period - Snap shot by Martin Havlat.
17:02 of 3rd period - Stopped by Jocelyn Thibault with a rebound.
17:04 of 3rd period - Snap shot by Rick Nash.
17:04 of 3rd period - Shot Blocked by Steve Bernier.
17:11 of 3rd period - Icing by Niclas Wallin.
17:12 of 3rd period - Sean Bergenheim wins face-off versus Robert Nilsson in Blackhawks zone.
17:15 of 3rd period - Wrist shot by Sean Bergenheim.
17:15 of 3rd period - Stopped by Jocelyn Thibault without a rebound.
17:16 of 3rd period - Robert Nilsson wins face-off versus Mike Richards in Blackhawks zone.
17:16 of 3rd period - Robert Nilsson is hit by Mike Richards.
17:38 of 3rd period - Backhand shot by Mike Richards.
17:38 of 3rd period - Stopped by Jocelyn Thibault without a rebound.
17:39 of 3rd period - Scott Gomez wins face-off versus Jason Spezza in Blackhawks zone.
17:48 of 3rd period - Slapshot by Henrik Zetterberg.
17:48 of 3rd period - Stopped by Scott Clemmensen without a rebound.
17:49 of 3rd period - Jason Spezza wins face-off versus Robert Nilsson in Red Wings zone.
18:01 of 3rd period - Slapshot by Shea Weber.
18:01 of 3rd period - Stopped by Jocelyn Thibault with a rebound.
18:03 of 3rd period - Snap shot by Paul Martin.
18:03 of 3rd period - Shot Blocked by Jamie Langenbrunner.
18:05 of 3rd period - Snap shot by Rick Nash.
18:05 of 3rd period - Red Wings goal is going for a video replay.
18:05 of 3rd period - The goal is refused. The goalkeeper has been pushed into the net together with the puck after making a save..
18:06 of 3rd period - Scott Gomez wins face-off versus Mike Richards in Blackhawks zone.
18:06 of 3rd period - Scott Gomez is hit by Mike Richards.
18:20 of 3rd period - Snap shot by Scott Gomez.
18:20 of 3rd period - Shot Misses the Net.
18:22 of 3rd period - Slapshot by Steve Bernier.
18:22 of 3rd period - Stopped by Scott Clemmensen without a rebound.
18:23 of 3rd period - Robert Nilsson wins face-off versus Jason Spezza in Red Wings zone.
18:48 of 3rd period - Paul Martin is hit by Scott Gomez and loses puck.
19:15 of 3rd period - Jeff Schultz is hit by Lee Stempniak and loses puck.
Goals for this period are 0 for Red Wings vs 1 for Blackhawks.
Shots for this period are 9 for Red Wings vs 15 for Blackhawks.


Output by the SimonT Hockey Simulator (STHS) for François Prévost -- Original Page W3C XHTML 1.0 Valid
Hockey Simulator - Hockey Simulation - Hockey Manager